 Dungeon Crawl Stone Soup version 0.18-a0-1773-gec4f98e (webtiles) character file.

112 Zhenya25pyc the Covered (level 4, -1/29 HPs)
             Began as a Gargoyle Fighter on Apr 14, 2016.
             Slain by an orc
             ... wielding a +0 flail
              (6 damage)
             ... on level 3 of the Dungeon.
             The game lasted 00:06:21 (1892 turns).

Zhenya25pyc the Covered (Gargoyle Fighter)          Turns: 1892, Time: 00:06:22

Health: -1/29      AC: 10    Str: 20    XL:     4   Next: 93%
Magic:  4/4        EV:  7    Int:  9    God:
Gold:   113        SH:  9    Dex:  9    Spells: 0 memorised, 3 levels left

rFire  . . .     SeeInvis .     a - +0 flail
rCold  + . .     Gourm    .     b - +0 scale mail
rNeg   + . .     Faith    .     c - +0 shield
rPois  ∞         Spirit   .     (no helmet)
rElec  +         Dismiss  .     (no cloak)
rCorr  .         Reflect  .     (no gloves)
SustAt .         Harm     .     (no boots)
MR     +....                    (no amulet)
Stlth  ..........               k - ring of protection from magic
                                p - ring of protection from cold

@: somewhat resistant to hostile enchantments, extremely unstealthy
A: negative energy resistance 1, electricity resistance, unbreathing,
petrification resistance, rot immunity, AC +3
a: no special abilities


You were on level 3 of the Dungeon.
You were not hungry.

You visited 1 branch of the dungeon, and saw 3 of its levels.

You collected 113 gold pieces.

Inventory:

Hand Weapons
 a - a +0 flail (weapon)
 y - a +0 flail
Missiles
 x - 6 tomahawks (quivered)
Armour
 b - a +0 scale mail (worn)
 c - a +0 shield (worn)
Jewellery
 e - an uncursed ring of positive energy
 k - a ring of protection from magic (right hand)
 l - an uncursed ring of protection from fire
 p - a ring of protection from cold (left hand)
Wands
 v - a wand of polymorph (13/24)
Scrolls
 g - a scroll of noise {unknown}
 m - 3 scrolls of identify {unknown}
 o - a scroll of teleportation {unknown}
 q - a scroll of enchant armour {unknown}
 u - a scroll of fog {unknown}
 w - a scroll of magic mapping {unknown}
Potions
 d - a potion of might
 h - 2 potions of ambrosia {unknown}
 i - 3 potions of curing {unknown}
 j - a potion of brilliance {unknown}
 s - a potion of heal wounds
 t - a potion of experience {unknown}
 z - a potion of agility {unknown}
 A - a potion of flight {unknown}
Comestibles
 f - 4 bread rations
 n - 3 fruits
 r - a beef jerky
 B - a meat ration


   Skills:
 + Level 4.1 Fighting
 * Level 3.3 Maces & Flails
 + Level 4.1 Armour
 - Level 3.8 Shields


You had 3 spell levels left.
You didn't know any spells.

Dungeon Overview and Level Annotations

Branches:
Dungeon (3/15)

Altars:


Innate Abilities, Weirdness & Mutations

You are resistant to torment.
Your stone body is resilient (AC +3).
You are immune to poison.
You resist negative energy.
You are resistant to electric shocks.
You can survive without breathing.
You are immune to petrification.
You are immune to rotting.


Message History

The orc hits you but does no damage. x2
You closely miss the orc.
The orc is heavily wounded.
The orc barely misses you. The orc closely misses you.
You block the orc's attack. x2
You barely miss the orc.
The orc is heavily wounded.
You block the orc's attack. The orc hits you but does no damage.
The orc closely misses you.
You hit the orc but do no damage.
The orc is heavily wounded.
You block the orc's attack. The orc hits you.
* * * LOW HITPOINT WARNING * * *
The orc closely misses you.
Unknown command.
Your shield and scale mail prevent you from hitting the orc.
The orc is heavily wounded.
You block the orc's attack. The orc hits you but does no damage.
The orc hits you with a flail.
You die...

#.# #.... #.#.....
###..##... #.#.....
#........# #.#.....
#........# #.#.....
#......).#+##.......
#............#######
#.......)....#
#.....))[....#
#.o@.........#
#....oo.....#+###
#.....##.......#
#..... #.......#
#..... #.......#
#..... #.......#
###### #.......#
#.......#


You could see 3 orcs.

Vanquished Creatures
  Ijyb (D:2)
  2 adders
  2 dart slugs
  A giant gecko (D:1)
  4 orcs (D:3)
  2 ball pythons
  4 giant cockroaches
  6 hobgoblins
  6 jackals
  4 bats
  6 giant newts
  11 goblins
  4 kobolds
  6 rats
59 creatures vanquished.

Vanquished Creatures (others)
  5 toadstools (D:1)
5 creatures vanquished.

Grand Total: 64 creatures vanquished

Notes
Turn   | Place    | Note
--------------------------------------------------------------
     0 | D:1      | Zhenya25pyc the Gargoyle Fighter began the quest for the Orb.
     0 | D:1      | Reached XP level 1. HP: 14/14 MP: 1/1
   100 | D:1      | Reached XP level 2. HP: 16/19 MP: 2/2
   303 | D:1      | Reached XP level 3. HP: 22/23 MP: 3/3
   895 | D:2      | Found a faded altar to an unknown god.
  1092 | D:2      | Reached XP level 4. HP: 28/29 MP: 4/4
  1161 | D:2      | Noticed Ijyb
  1188 | D:2      | Killed Ijyb
  1892 | D:3      | Slain by an orc

Vault maps used:
D:1:      ldierk_walled_garden
D:2:      kennysheep_goblin_castle, ecumenical_altar_2
D:3:      roderic_three_in_a_row, corexii_item_surrounded_by_moat,
          lemuel_tele_altar

Skill      XL: |  1  2  3  4 |
---------------+-------------+-----
Maces & Flails | 3 |  3.3
Armour         | 4 |  4.1
Fighting       | 4 |  4.1
Shields        | |  3.8

Action                   |  1- 3 |  4- 6 || total
-------------------------+-------+-------++-------
Melee: Flail             |   130 |   142 ||   272
Throw: Tomahawk          |     6 |       ||     6
  Eat: Chunk             |       |     4 ||     4
Armor: Scale mail        |    79 |   129 ||   208
Dodge: Dodged            |    54 |    74 ||   128
Block: Shield            |    77 |   126 ||   203
